 Dungeon Crawl Stone Soup version 0.26-a0-612-gd4d190f45e (webtiles) character file.

Game seed: 8663659475773785239

34712 Hores the Geomancer (level 13, -1/88 HPs)
             Began as a Gargoyle Earth Elementalist on Sept 8, 2020.
             Was a High Priest of Vehumet.
             Slain by a vampire knight
             ... wielding a +0 long sword
              (4 damage)
             ... on level 14 of the Dungeon.
             The game lasted 00:53:30 (17570 turns).

Hores the Geomancer (Gargoyle Earth Elementalist)  Turns: 17570, Time: 00:53:30

Health: -1/88      AC: 28    Str: 10    XL:     13   Next: 79%
Magic:  7/35       EV: 14    Int: 25    God:    Vehumet [*****.]
Gold:   309        SH:  0    Dex: 10    Spells: 10/30 levels left

rFire    . . .     SeeInvis .   w - +7 morningstar of Doom {flame, Int+4}
rCold    . . .     Faith    .   (no shield)
rNeg     + . .     Spirit   .   K - +3 troll leather armour {Snorg}
rPois    ∞         Reflect  .   (no helmet)
rElec    +         Harm     .   A - +2 cloak
rCorr    .                      i - +2 pair of gloves
MR       +....                  (no boots)
Stlth    ++........             L - amulet of regeneration
HPRegen  1.04/turn              z - +4 ring of protection
MPRegen  0.24/turn              G - ring of magical power

@: no status effects
A: magic resistance 1, negative energy resistance 1, robust 1, electricity
resistance, weak 1, wild magic 1, unbreathing, petrification resistance, rot
immunity, AC +9
a: Renounce Religion


You were on level 14 of the Dungeon.
You worshipped Vehumet.
Vehumet was extremely pleased with you.
You visited 2 branches of the dungeon, and saw 15 of its levels.

You collected 1333 gold pieces.
You spent 1024 gold pieces at shops.

Inventory:

Hand Weapons
 t - a +5 dire flail of draining
 w - the +7 morningstar of Doom (weapon) {flame, Int+4}
   (You found it on level 14 of the Dungeon)

   It has been specially enchanted to burn those struck by it, causing extra
   injury to most foes and up to half again as much damage against particularly
   susceptible opponents.
   It affects your intelligence (+4).
 E - the +3 morningstar of Yredelemnul {drain, Str+8 Int-4 Dex+2 Stlth-}
   (You found it on level 9 of the Dungeon)

   A truly terrible weapon, it drains the life of those it strikes.
   It affects your strength (+8).
   It affects your intelligence (-4).
   It affects your dexterity (+2).
   It makes you less stealthy.
 J - a cursed +4 morningstar of freezing
Missiles
 b - 316 stones (quivered)
 B - a throwing net
Armour
 d - a scarf of repulsion
 i - a +2 pair of gloves (worn)
 A - a +2 cloak (worn)
 K - a +3 troll leather armour (worn) {Snorg}
Jewellery
 g - an uncursed ring of protection from magic
 j - a cursed ring of ice
 l - an uncursed ring of resist corrosion
 u - an uncursed ring of wizardry
 z - a +4 ring of protection (left hand)
 D - an uncursed ring of ice
 G - a ring of magical power (right hand)
 L - an amulet of regeneration (around neck)
Wands
 f - a wand of paralysis (19)
 m - a wand of digging (11)
 n - a wand of polymorph (6)
 s - a wand of random effects (42)
 y - a wand of flame (7)
 F - a wand of disintegration (14)
Scrolls
 a - a scroll of immolation
 h - 4 scrolls of teleportation
 k - 4 scrolls of amnesia
 x - 7 scrolls of remove curse
 C - 2 scrolls of magic mapping
 H - 3 scrolls of holy word
 I - 2 scrolls of identify
Potions
 c - a potion of brilliance
 e - 2 potions of cancellation
 o - 4 potions of lignification
 p - 3 potions of resistance
 q - 8 potions of heal wounds
 r - 4 potions of mutation
 v - 2 potions of curing


   Skills:
 + Level 8.8 Fighting
 + Level 7.9 Maces & Flails
 - Level 6.0 Armour
 + Level 6.9 Dodging
 - Level 2.1 Stealth
 + Level 9.0 Spellcasting
 + Level 10.1 Conjurations
   Level 0.7 Transmutations
 * Level 4.7 Fire Magic
 + Level 11.5 Earth Magic
 - Level 6.0 Evocations


You had 10 spell levels left.
You knew the following spells:

 Your Spells              Type           Power        Failure   Level
a - Sandblast             Erth           ######       1%          1
b - Stone Arrow           Conj/Erth      ######       1%          3
c - Lee's Rapid Deconstr  Erth           ######....   1%          5
d - Iron Shot             Conj/Erth      ######....   4%          6
e - Bolt of Magma         Conj/Fire/Erth ######....   2%          5

Your spell library contained the following spells:

 Spells                   Type           Power        Failure   Level
 Conjure Ball Lightning   Conj/Air       #####.....   38%         6
 Shock                    Conj/Air       ####         1%          1
 Passwall                 Tmut/Erth      ######..     1%          2
 Static Discharge         Conj/Air       #####...     1%          3
 Iskenderun's Battlesphe  Conj           ######..     1%          5
 Freeze                   Ice            ##..         3%          1
 Hailstorm                Conj/Ice       #####...     3%          4
 Frozen Ramparts          Ice            ##....       8%          3
 Petrify                  Tmut/Erth      ######..     9%          4
 Lightning Bolt           Conj/Air       #####.....   9%          5
 Swiftness                Air            ##......     16%         2
 Airstrike                Air            ##........   22%         4
 Ozocubu's Armour         Ice            ##......     28%         3
 Orb of Destruction       Conj           ######....   28%         7
 Summon Ice Beast         Ice/Summ       ##......     65%         4
 Spellforged Servitor     Conj/Summ      #####.....   88%         7


Dungeon Overview and Level Annotations

Branches:
Dungeon (14/15)            Temple (1/1) D:6            Lair (0/6) D:8
    Orc (0/2) D:10
 Vaults: D:13-14

Altars:
Elyvilon
Gozag
Nemelex Xobeh
Ru
Sif Muna
Trog
Vehumet

Shops:
D:9 ?   D:12 :


Innate Abilities, Weirdness & Mutations

You are resistant to torment.
Your stone body is resilient. (AC +9)
You are immune to poison.
You resist negative energy. (rN+)
You are resistant to electric shocks. (rElec)
You can survive without breathing.
You are immune to petrification.
You are immune to rotting.
You are resistant to hostile enchantments. (MR+)
You are robust. (+10% HP)
You are weak. (Str -2)
Your spells are a little harder to cast, but a little more powerful.


Message History

You hit something but do no damage. Something hits you.
Something bites you but does no damage.
You hit something but do no damage.
Unholy energy fills the air.
* * * LOW HITPOINT WARNING * * *
Something hits you but does no damage. Something bites you but does no damage.
You hit something but do no damage. Something hits you.
* * * LOW HITPOINT WARNING * * *
Something bites you but does no damage.
You barely miss something. Something hits you but does no damage.
Something barely misses you.
You hit something but do no damage. Something hits you but does no damage.
Something bites you but does no damage. Something hits you but does no damage.
Something bites you.
* * * LOW HITPOINT WARNING * * *
Unknown command.
As you read the scroll of holy word, it crumbles to dust.
You speak a Word of immense power!
Something hits you!
* * * LOW HITPOINT WARNING * * *
Something bites you.
You die...

# ## ....# [ +..... +
...##....#'# #####..... #...
......p.p #..##..... ...
......'p. #^.##.....
######.....'.. #..##..... #
..#......# #).##..... #
).##.##### #'#####..# #
V.#......#############......... #
V?##y....).†){@.........'###### #
..#...####........###...#......
##.###..# #..............#.+####
y.......# #.)............#.#....
.###....####..............#.#.##.
..........................#.#.##.
########################..#.#....
#..#.'#### #..#......


There were no monsters in sight!

Vanquished Creatures
  Jorgrun (D:12)
  A vampire knight (D:14)
  Snorg (D:12)
  2 hydras
  A vault guard (D:14)
  A centaur warrior (D:14)
  6 two-headed ogres
  An unseen horror (D:10)
  11 ugly things
  3 deep elf magi
  A cyclops (D:14)
  Maurice (D:12)
  A centaur zombie (D:13)
  A centaur skeleton (D:10)
  A troll (D:14)
  A hornet (D:12)
  3 meliai (D:14)
  A tyrant leech (D:13)
  Prince Ribbit (D:6)
  Grinder (D:6)
  5 slime creatures
  4 hippogriffs
  Sigmund (D:4)
  4 vampires
  2 humans (D:14)
  24 yaks
  A wraith (D:10)
  A wyvern (D:9)
  A basilisk (D:8)
  Edmund (D:4)
  A vampire mosquito (D:14)
  An acid dragon (D:13)
  2 soldier ants
  2 porcupines (D:8)
  9 orc warriors
  A black bear (D:7)
  3 ice beasts
  A hornet zombie (D:10)
  8 ogres
  2 sky beasts
  4 phantoms
  11 centaurs
  5 crocodiles
  A big kobold (D:9)
  6 bullfrogs
  A gnoll sergeant (D:10)
  A wyvern zombie (D:13)
  A water moccasin skeleton (D:6)
  A wyvern skeleton (D:12)
  6 scorpions
  10 killer bees
  11 wights
  A howler monkey (D:4)
  2 bullfrog zombies
  A jelly (D:3)
  3 quasits
  12 hounds
  10 orc priests
  4 bullfrog skeletons
  14 orc wizards
  Jessica (D:3)
  2 iguanas
  Terence (D:2)
  Natasha (thrice) (D:3)
  6 worker ants
  2 killer bee zombies
  A hound zombie (D:7)
  2 howler monkey zombies
  A worker ant zombie (D:10)
  12 gnolls
  12 adders
  3 shadow imps
  4 white imps
  An ufetubus (D:8)
  4 oozes
  An adder skeleton (D:6)
  3 adder zombies
  4 worms
  3 dart slugs
  4 leopard geckos
  59 orcs
  5 bats
  8 giant cockroaches
  5 goblins
  11 hobgoblins
  7 jackals
  A quokka (D:3)
  A ball python (D:8)
  3 frilled lizards
  6 kobolds
  6 rats
401 creatures vanquished.

Vanquished Creatures (others)
  3 vault guards (D:14)
  A bullfrog (D:12)
  3 fungi (D:8)
  17 plants (D:8)
24 creatures vanquished.

Grand Total: 425 creatures vanquished

Notes
Turn   | Place    | Note
-------+----------+-------------------------------------------
     0 | D:1      | Hores the Gargoyle Earth Elementalist began the quest for
                  | the Orb.
     0 | D:1      | Reached XP level 1. HP: 10/10 MP: 3/3
   137 | D:1      | Reached XP level 2. HP: 12/15 MP: 3/5
   138 | D:1      | Reached skill level 4 in Earth Magic
   443 | D:1      | Reached XP level 3. HP: 5/19 MP: 4/6
   799 | D:1      | Learned a level 3 spell: Stone Arrow
  1841 | D:2      | Noticed Terence
  1853 | D:2      | Killed Terence
  1853 | D:2      | Reached skill level 1 in Conjurations
  1853 | D:2      | Reached XP level 4. HP: 14/24 MP: 0/8
  2126 | D:2      | Reached skill level 5 in Earth Magic
  2381 | D:2      | Reached XP level 5. HP: 28/28 MP: 9/9
  2388 | D:2      | Learned a level 5 spell: Lee's Rapid Deconstruction
  2496 | D:2      | Found a radiant altar of Vehumet.
  2508 | D:2      | Became a worshipper of Vehumet
  3168 | D:3      | Noticed a moth of wrath
  3180 | D:3      | Found a bloodstained altar of Trog.
  3405 | D:3      | Found a sparkling altar of Nemelex Xobeh.
  3406 | D:3      | Noticed Natasha
  3410 | D:3      | Killed Natasha
  3410 | D:3      | Reached XP level 6. HP: 32/32 MP: 9/11
  3437 | D:3      | Noticed Jessica
  3445 | D:3      | Killed Jessica
  3586 | D:3      | Gained mutation: You do not regenerate when monsters are
                  | visible. [potion of mutation]
  3586 | D:3      | Gained mutation: Your mind is acute. (Int +2) [potion of
                  | mutation]
  3692 | D:3      | Noticed Natasha
  3706 | D:3      | Killed Natasha
  3706 | D:3      | Reached skill level 6 in Earth Magic
  3772 | D:3      | Noticed Natasha
  3784 | D:3      | Killed Natasha
  3942 | D:4      | Found a white marble altar of Elyvilon.
  3977 | D:4      | Lost mutation: Your mind is acute. (Int +2) [potion of
                  | mutation]
  3977 | D:4      | Lost mutation: You do not regenerate when monsters are
                  | visible. [potion of mutation]
  3977 | D:4      | Gained mutation: You are robust. (+10% HP) [potion of
                  | mutation]
  3977 | D:4      | Gained mutation: You are weak. (Str -2) [potion of
                  | mutation]
  3977 | D:4      | Gained mutation: You are resistant to hostile enchantments.
                  | (MR+) [potion of mutation]
  3977 | D:4      | Gained mutation: Your spells are a little harder to cast,
                  | but a little more powerful. [potion of mutation]
  4557 | D:4      | Reached XP level 7. HP: 39/39 MP: 13/13
  4563 | D:4      | Reached * piety under Vehumet
  4563 | D:4      | Offered knowledge of Freeze by Vehumet.
  5107 | D:4      | Noticed Sigmund
  5110 | D:4      | Killed Sigmund
  5171 | D:4      | Noticed Edmund
  5175 | D:4      | Killed Edmund
  5175 | D:4      | Reached skill level 5 in Spellcasting
  5175 | D:4      | Reached skill level 7 in Earth Magic
  5445 | D:4      | Reached XP level 8. HP: 46/46 MP: 9/15
  5515 | D:5      | Entered Level 5 of the Dungeon
  5662 | D:5      | Reached skill level 5 in Conjurations
  5732 | D:5      | Reached skill level 1 in Fighting
  5734 | D:5      | Reached skill level 1 in Armour
  6020 | D:5      | Reached skill level 1 in Maces & Flails
  6122 | D:5      | Reached skill level 1 in Evocations
  6886 | D:6      | Reached ** piety under Vehumet
  6886 | D:6      | Reached XP level 9. HP: 52/52 MP: 15/17
  6915 | D:6      | Offered knowledge of Shock by Vehumet.
  6954 | D:6      | Noticed Prince Ribbit
  6961 | D:6      | Killed Prince Ribbit
  7147 | D:6      | Found an opulent altar of Gozag.
  7168 | D:6      | Noticed Grinder
  7172 | D:6      | Killed Grinder
  7172 | D:6      | Reached skill level 8 in Earth Magic
  7236 | D:6      | Found a staircase to the Ecumenical Temple.
  7247 | Temple   | Entered the Ecumenical Temple
  7530 | D:7      | Found a sacrificial altar of Ru.
  8462 | D:8      | Reached XP level 10. HP: 45/61 MP: 7/19
  8476 | D:8      | Noticed a two-headed ogre
  8692 | D:8      | Killed a two-headed ogre
  9016 | D:8      | Found a staircase to the Lair.
  9103 | D:8      | Offered knowledge of Dazzling Flash by Vehumet.
  9172 | D:8      | Reached skill level 9 in Earth Magic
  9495 | D:8      | Reached *** piety under Vehumet
  9630 | D:8      | Noticed a two-headed ogre
  9631 | D:8      | Reached skill level 5 in Fighting
  9644 | D:8      | Killed a two-headed ogre
  9644 | D:8      | Reached skill level 5 in Armour
  9644 | D:8      | Reached XP level 11. HP: 56/70 MP: 4/21
 10260 | D:9      | Offered knowledge of Frozen Ramparts by Vehumet.
 10271 | D:9      | Reached skill level 5 in Maces & Flails
 10318 | D:9      | Got a bloodstained morningstar
 10319 | D:9      | Identified the +3 morningstar of Yredelemnul {drain, Str+8
                  | Int-4 Dex+2 Stlth-} (You found it on level 9 of the
                  | Dungeon)
 10937 | D:9      | Noticed a two-headed ogre
 10942 | D:9      | Killed a two-headed ogre
 11100 | D:9      | Found Emailick's Magic Scroll Boutique.
 11108 | D:9      | Bought a scroll of teleportation for 39 gold pieces
 11108 | D:9      | Bought a scroll of enchant weapon for 97 gold pieces
 11108 | D:9      | Bought a scroll of holy word for 97 gold pieces
 11108 | D:9      | Bought a scroll of identify for 26 gold pieces
 11400 | D:10     | Entered Level 10 of the Dungeon
 11948 | D:10     | Reached **** piety under Vehumet
 11992 | D:10     | Offered knowledge of Conjure Flame by Vehumet.
 12016 | D:10     | Killed an unseen horror
 12176 | D:10     | Found a staircase to the Orcish Mines.
 12244 | D:10     | Reached skill level 5 in Evocations
 12267 | D:10     | Noticed a two-headed ogre
 12273 | D:10     | Reached skill level 5 in Dodging
 12276 | D:10     | Killed a two-headed ogre
 12276 | D:10     | Reached skill level 10 in Earth Magic
 12457 | D:10     | Noticed a deep elf mage
 12464 | D:10     | Reached XP level 12. HP: 78/78 MP: 23/23
 12930 | D:10     | Got a pair of spiked gloves
 12941 | D:10     | Identified the +1 pair of gloves of Exclusion {*Corrode
                  | rElec rPois rF-} (You found it on level 10 of the Dungeon)
 12994 | D:10     | Noticed a seven-headed hydra
 13002 | D:10     | Killed a seven-headed hydra
 13240 | D:11     | Noticed a two-headed ogre
 13244 | D:11     | Killed a two-headed ogre
 13748 | D:11     | Reached ***** piety under Vehumet
 13750 | D:11     | Offered knowledge of Conjure Ball Lightning by Vehumet.
 14138 | D:12     | Noticed a two-headed ogre
 14144 | D:12     | Killed a two-headed ogre
 14364 | D:12     | Noticed Maurice
 14374 | D:12     | Paralysed by Maurice for 6 turns
 14404 | D:12     | Killed Maurice
 14437 | D:12     | Noticed a six-headed hydra
 14440 | D:12     | Killed a six-headed hydra
 14754 | D:12     | Identified a scroll of acquirement
 14754 | D:12     | Acquired 540 gold pieces
 14786 | D:12     | Noticed Jorgrun
 14798 | D:12     | Killed Jorgrun
 14945 | D:12     | Found Wurajich's Book Shop.
 14955 | D:12     | Bought a book of Power for 765 gold pieces
 14962 | D:12     | Learned a level 6 spell: Iron Shot
 14968 | D:12     | Learned a level 5 spell: Bolt of Magma
 15102 | D:12     | Found a shimmering blue altar of Sif Muna.
 15236 | D:12     | Noticed Snorg
 15242 | D:12     | Killed Snorg
 15242 | D:12     | Reached skill level 1 in Fire Magic
 15242 | D:12     | Reached skill level 11 in Earth Magic
 15242 | D:12     | Reached XP level 13. HP: 85/85 MP: 24/25
 16732 | D:14     | Noticed a vampire knight
 16732 | D:14     | Noticed a vampire knight
 16733 | D:14     | Found the +12 Vampire's Tooth {vamp}
 16738 | D:14     | Paralysed by a vampire knight for 3 turns
 17094 | D:14     | Got a warped morningstar
 17095 | D:14     | Identified the +7 morningstar of Doom {flame, Int+4} (You
                  | found it on level 14 of the Dungeon)
 17126 | D:14     | Reached skill level 10 in Conjurations
 17132 | D:14     | Killed a vault guard
 17317 | D:14     | Killed a vampire knight
 17421 | D:14     | Noticed a vault guard
 17437 | D:14     | Killed a vault guard
 17449 | D:14     | Killed a vault guard
 17455 | D:14     | Killed a vault guard
 17570 | D:14     | HP: 3/88 [something (8)]
 17570 | D:14     | Slain by a vampire knight

Illustrated notes

Levels and vault maps discovered:
D:1:      dpeg_arrival_renting, layout_basic
D:2:      layout_rooms, lemuel_coloured_pillars_altar, uniq_terence
D:3:      layout_basic, nemelex_xobeh_ov_fountains_minmay, tgw_trog,
          kennysheep_jessica_study, uniq_natasha
D:4:      layout_gridville, overflow_temple_1_default, sigmund_edmund_badplayer
D:5:      layout_loops_corners
D:6:      layout_rooms, overflow_temple_1_default, minmay_temple_entry_trees,
          uniq_edmund, uniq_prince_ribbit1, uniq_grinder
D:7:      layout_loops_corners, kennysheep_mini_moat
D:8:      layout_loops_ring, minmay_lair_entry_grove
D:9:      minmay_distorted_concentric_squares, layout_basic, serial_shops, shop
D:10:     layout_grid_maze, orc_0_dummy, st_stairs_1
D:11:     layout_long_grid
D:12:     layout_long_grid, serial_shops, nicolae_shop_trees,
          lemuel_blue_sif_altar, uniq_jorgrun, uniq_snorg, uniq_maurice
D:13:     layout_small_grid, kennysheep_crisscross
D:14:     layout_stronghold, ximxim_vaults_locker_room, minivault_11,
          minmay_guarded_unrand_vampires_tooth
Temple:   eino_temple_scatter_basement

Skill      XL: |  1  2  3  4  5  6  7  8  9 10 11 12 13 |
---------------+----------------------------------------+-----
Earth Magic    | 4 5 6 7 8 9 10 11 | 11.5
Spellcasting   | 3 4 5 6 7 8 9 |  9.0
Conjurations   | 1 2 3 4 5 6 7 8 9 10 | 10.1
Fighting       | 2 3 5 6 7 8 |  8.8
Armour         | 2 3 5 6 |  6.0
Maces & Flails | 2 3 4 6 7 |  7.9
Dodging        | 2 3 4 5 6 |  6.9
Evocations     | 1 3 4 5 6 |  6.0
Fire Magic     | 1 4 |  4.7
Stealth        | |  2.1
Transmutations | |  0.7

Action                   |  1- 3 |  4- 6 |  7- 9 | 10-12 | 13-15 || total
-------------------------+-------+-------+-------+-------+-------++-------
Melee: Club              |     6 |       |       |       |       ||     6
       Dagger            |   105 |    10 |       |       |       ||   115
       Flail             |       |   134 |    50 |       |       ||   184
       Dire flail        |       |       |   145 |   445 |    86 ||   676
       Morningstar       |       |       |       |       |    28 ||    28
 Cast: Sandblast         |    24 |    31 |    25 |    32 |    18 ||   130
       Stone Arrow       |     1 |       |    10 |    61 |    11 ||    83
       Lee's Rapid Decon |       |       |     2 |    45 |    29 ||    76
       Iron Shot         |       |       |       |       |    25 ||    25
Evoke: Wand              |       |       |       |    12 |     4 ||    16
  Use: Scroll            |     3 |    10 |    11 |     7 |     5 ||    36
       Potion            |     2 |     2 |       |     3 |     3 ||    10
 Stab: Sleeping          |     1 |     3 |     1 |     5 |     1 ||    11
       Distracted        |       |       |     1 |     1 |       ||     2
       Invisible         |       |       |       |     2 |       ||     2
Armor: Robe              |    49 |    66 |   116 |   265 |       ||   496
       Troll leather arm |       |       |       |       |   111 ||   111
       Skin              |       |       |       |       |     2 ||     2
Dodge: Dodged            |    72 |   111 |   156 |   408 |   117 ||   864
       Repelled          |       |     1 |     1 |     3 |       ||     5

Table legend: (Time is in decaauts)
 A = Elapsed time spent in this place.
 B = Non-inter-level travel time spent in this place.
 C = Inter-level travel time spent in this place.
 D = Time resting spent in this place.
 E = Time spent auto-exploring this place.
 F = Levels seen in this place.
 G = Mean time per level.
                   A        B        C        D        E       F      G
               +--------+--------+--------+--------+--------+-----+--------+
         Total |  17667 |  17234 |    433 |   3512 |  10503 |  15 | 1177.8 |
       Dungeon |  17666 |  17233 |    433 |   3512 |  10503 |  14 | 1261.9 |
        Temple |      1 |      1 |      0 |      0 |      0 |   1 |    1.0 |
               +--------+--------+--------+--------+--------+-----+--------+

Top non-repeatable levels by time:
    D:10: 1812 daAuts
     D:8: 1683 daAuts
     D:4: 1660 daAuts
    D:12: 1575 daAuts
     D:1: 1477 daAuts
     D:3: 1393 daAuts
     D:9: 1283 daAuts
    D:13: 1229 daAuts
     D:5: 1213 daAuts
     D:2: 1072 daAuts
     D:7: 952 daAuts
    D:14: 897 daAuts
     D:6: 751 daAuts
    D:11: 663 daAuts
  Temple: 1 daAuts
